 Dungeon Crawl Stone Soup version 0.28-a0-1624-g820543e53a (webtiles) character file.

Game seed: 9610014747969511697

507 arthad the Chopper (level 7, -1/60 HPs)
             Began as a Gnoll Cinder Acolyte on Jan 23, 2022.
             Was an Elder of Ignis.
             Slain by a gnoll shaman (8 damage)
             ... on level 3 of the Dungeon.
             The game lasted 00:15:49 (4493 turns).

arthad the Chopper (Gnoll Cinder Acolyte)           Turns: 4493, Time: 00:15:49

Health: -1/60      AC: 11    Str: 13    XL:     7   Next: 18%
Magic:  12/12      EV:  6    Int: 15    God:    Ignis [****..]
Gold:   871        SH:  0    Dex:  8    Spells: 13/13 levels left

rFire   + . .      SeeInvis .   a - -1 hand axe (flame)
rCold   . . .      Faith    .   (no shield)
rNeg    . . .      Spirit   .   j - +0 chain mail
rPois   .          Reflect  .   d - +0 helmet
rElec   .          Harm     .   (no cloak)
rCorr   .          Rampage  .   m - +0 pair of gloves
Will    +....                   (no boots)
Stlth   ..........              (no amulet)
HPRegen 0.20/turn               g - ring of willpower
MPRegen 0.13/turn               (no ring)

@: lethally poisoned (-1 -> -2)
A: fangs 1, strong nose, distributed training
a: Renounce Religion, Fiery Armour, Foxfire Swarm, Rising Flame


You were on level 3 of the Dungeon.
You worshipped Ignis.
Ignis was greatly pleased with you.
You visited 2 branches of the dungeon, and saw 5 of its levels.

You collected 871 gold pieces.

Inventory:

Hand Weapons
 a - a -1 hand axe of flaming (weapon)
 i - a +0 war axe
Armour
 b - a +0 robe
 d - a +0 helmet (worn)
 j - a +0 chain mail (worn)
 m - a +0 pair of gloves (worn)
Jewellery
 g - a ring of willpower (left hand)
Scrolls
 c - 2 scrolls of identify
 e - a scroll of noise
 f - a scroll of teleportation
 l - a scroll of vulnerability {unknown}
Potions
 h - 2 potions of mutation


   Skills:
 + Level 7.0 Fighting
 + Level 2.3 Short Blades
 + Level 2.3 Long Blades
 + Level 7.0 Axes
 + Level 2.3 Maces & Flails
 + Level 2.3 Polearms
 + Level 2.3 Staves
 + Level 2.3 Slings
 + Level 2.3 Bows
 + Level 2.3 Crossbows
 + Level 2.3 Throwing
 + Level 2.3 Armour
 + Level 2.3 Dodging
 + Level 2.3 Stealth
 + Level 2.3 Shields
 + Level 2.3 Unarmed Combat
 + Level 3.7 Spellcasting
 + Level 1.9 Conjurations
 + Level 1.9 Hexes
 + Level 1.9 Summonings
 + Level 1.9 Necromancy
 + Level 1.9 Translocations
 + Level 1.9 Transmutations
 + Level 5.8 Fire Magic
 + Level 1.9 Ice Magic
 + Level 1.9 Air Magic
 + Level 1.9 Earth Magic
 + Level 1.9 Poison Magic
 + Level 2.5 Invocations
 + Level 2.3 Evocations


You had 13 spell levels left.
You didn't know any spells.
Your spell library contained the following spells:

 Spells                   Type           Power      Damage    Failure   Level
 Scorch                   Fire           40%        2d7       63%         2


Dungeon Overview and Level Annotations

Branches:
Dungeon (4/15)             Temple (1/1) D:4

Altars:
Ashenzari
Cheibriados
Dithmenos
Elyvilon
Fedhas
Gozag
Hepliaklqana
Makhleb
Nemelex Xobeh
Okawaru
Qazlal
Ru
Sif Muna
Trog
Uskayaw
Vehumet
Wu Jian
Xom
Yredelemnul
Zin
The Shining One

Shops:
D:1 [


Innate Abilities, Weirdness & Mutations

You have very sharp teeth.
Your uncanny sense of smell can sniff out nearby items.
Your experience applies equally to all skills.


Message History

The gnoll hits you but does no damage. x2
Unknown command.
You hit the gnoll. You burn the gnoll. Your bite misses the gnoll.
The gnoll is severely wounded.
You hit the gnoll shaman. You burn the gnoll shaman.
You feel sick.
The gnoll hits you from afar with a +0 spear.
The gnoll hits you with a +0 club.
The gnoll hits you from afar with a +0 spear.
Unknown command.
Unknown command.
Unknown command.
You are too injured to fight recklessly!
Unknown command.
Unknown command.
You barely miss the gnoll.
The gnoll is severely wounded.
You hit the gnoll shaman. You burn the gnoll shaman.
You feel sick.
The gnoll hits you from afar with a +0 spear.
* * * LOW HITPOINT WARNING * * *
The gnoll hits you with a +0 club.
* * * LOW HITPOINT WARNING * * *
Unknown command.
You feel sick.
The gnoll hits you from afar with a +0 spear.
* * * LOW HITPOINT WARNING * * *
The gnoll shaman hits you but does no damage.
The gnoll hits you but does no damage.
The gnoll hits you from afar with a +0 spear.
* * * LOW HITPOINT WARNING * * *
You climb upwards.
You feel sick.
There is a stone staircase leading down, spattered with blood here.
Unknown command.
Unknown command.
Unknown command.
Okay, then.
As you read the scroll labelled SOSHYH TUOXUAD, it crumbles to dust.
The creatures around you are filled with an inner flame!
It was a scroll of immolation.
You feel sick.
The gnoll shaman hits you with a +0 whip!
You die...

#......###....#####
#......#...#....###
######...##..##.>..
#...###........
###.#............
#.<....##........
#.#..#..#........
###.#.###.........#
###.@...####........#
#######..gg[...............
#......................####
#..........##..............
#..........####............
#..........# ###.##.......
############ #....###...
######..######..
#...##..........


You could see a gnoll shaman (inner flame) and a gnoll (inner flame).

Vanquished Creatures
  An orc warrior (D:3)
  A phantom (D:4)
  A scorpion (D:4)
  A centaur skeleton (D:4)
  A bullfrog skeleton (D:4)
  An orc wizard (D:4)
  5 gnolls (D:4)
  3 adders (D:2)
  4 worms
  3 dart slugs
  9 orcs
  7 endoplasms
  3 giant cockroaches
  5 goblins
  5 hobgoblins
  14 jackals
  5 kobolds
  5 quokkas
  7 ball pythons
  A bat (D:1)
  3 frilled lizards (D:2)
  4 rats
89 creatures vanquished.

Notes
Turn   | Place    | Note
-------+----------+-------------------------------------------
     0 | D:1      | arthad the Gnoll Cinder Acolyte began the quest for the
                  | Orb.
     0 | D:1      | Reached XP level 1. HP: 23/23 MP: 4/4
    10 | D:1      | Found Zeil's Armour Shoppe.
   543 | D:1      | Reached XP level 2. HP: 29/29 MP: 5/5
   904 | D:2      | Reached XP level 3. HP: 16/35 MP: 7/7
  1260 | D:2      | Reached skill level 1 in Invocations
  1379 | D:2      | Reached skill level 1 in Short Blades
  1379 | D:2      | Reached skill level 1 in Long Blades
  1379 | D:2      | Reached skill level 1 in Maces & Flails
  1379 | D:2      | Reached skill level 1 in Polearms
  1379 | D:2      | Reached skill level 1 in Staves
  1379 | D:2      | Reached skill level 1 in Slings
  1379 | D:2      | Reached skill level 1 in Bows
  1379 | D:2      | Reached skill level 1 in Crossbows
  1379 | D:2      | Reached skill level 1 in Throwing
  1379 | D:2      | Reached skill level 1 in Armour
  1379 | D:2      | Reached skill level 1 in Dodging
  1379 | D:2      | Reached skill level 1 in Stealth
  1379 | D:2      | Reached skill level 1 in Shields
  1379 | D:2      | Reached skill level 1 in Unarmed Combat
  1379 | D:2      | Reached skill level 1 in Evocations
  1457 | D:2      | Reached XP level 4. HP: 38/41 MP: 8/8
  1487 | D:2      | You fall into a shaft and drop 2 floors!
  1501 | D:4      | Reached skill level 1 in Conjurations
  1501 | D:4      | Reached skill level 1 in Hexes
  1501 | D:4      | Reached skill level 1 in Summonings
  1501 | D:4      | Reached skill level 1 in Necromancy
  1501 | D:4      | Reached skill level 1 in Translocations
  1501 | D:4      | Reached skill level 1 in Transmutations
  1501 | D:4      | Reached skill level 1 in Ice Magic
  1501 | D:4      | Reached skill level 1 in Air Magic
  1501 | D:4      | Reached skill level 1 in Earth Magic
  1501 | D:4      | Reached skill level 1 in Poison Magic
  1599 | D:4      | Noticed an orc warrior
  2161 | D:3      | Reached XP level 5. HP: 39/47 MP: 9/9
  2705 | D:3      | Killed an orc warrior
  2706 | D:3      | Reached XP level 6. HP: 9/53 MP: 10/10
  3042 | D:4      | Found a staircase to the Ecumenical Temple.
  3517 | D:4      | Identified a scroll of acquirement
  3517 | D:4      | Acquired 602 gold pieces
  3755 | D:4      | Reached XP level 7. HP: 26/59 MP: 12/12
  3784 | Temple   | Entered the Ecumenical Temple
  4493 | D:3      | Slain by a gnoll shaman

Illustrated notes

Levels and vault maps discovered:
D:1:      onia_arrival_handbag, layout_loops_ring, serial_shops, shop,
          serial_bayou_pond_e
D:2:      layout_rooms, serial_park_tiny_2
D:3:      layout_rooms
D:4:      layout_cave_pools, minmay_temple_entry_junction_2
Temple:   kilobyte_greek_temple

Skill      XL: |  1  2  3  4  5  6  7 |
---------------+----------------------+-----
Invocations    | 1 2 |  2.5
Short Blades   | 1 2 |  2.3
Long Blades    | 1 2 |  2.3
Maces & Flails | 1 2 |  2.3
Polearms       | 1 2 |  2.3
Staves         | 1 2 |  2.3
Slings         | 1 2 |  2.3
Bows           | 1 2 |  2.3
Crossbows      | 1 2 |  2.3
Throwing       | 1 2 |  2.3
Armour         | 1 2 |  2.3
Dodging        | 1 2 |  2.3
Stealth        | 1 2 |  2.3
Shields        | 1 2 |  2.3
Unarmed Combat | 1 2 |  2.3
Evocations     | 1 2 |  2.3
Spellcasting   | 3 |  3.7
Conjurations   | 1 |  1.9
Hexes          | 1 |  1.9
Summonings     | 1 |  1.9
Necromancy     | 1 |  1.9
Translocations | 1 |  1.9
Transmutations | 1 |  1.9
Ice Magic      | 1 |  1.9
Air Magic      | 1 |  1.9
Earth Magic    | 1 |  1.9
Poison Magic   | 1 |  1.9
Fighting       | 7 |  7.0
Axes           | 7 |  7.0
Fire Magic     | |  5.8

Action                   |  1- 3 |  4- 6 |  7- 9 || total
-------------------------+-------+-------+-------++-------
Melee: Hand axe          |    77 |   193 |    31 ||   301
       Bite              |     3 |    15 |     2 ||    20
       Punch             |       |     2 |     1 ||     3
Throw: Throwing net      |       |     1 |       ||     1
Invok: Fiery Armour      |     1 |     3 |       ||     4
  Use: Scroll            |       |     3 |     2 ||     5
       Potion            |       |     1 |       ||     1
 Stab: Sleeping          |       |     2 |       ||     2
Armor: Robe              |    17 |    25 |       ||    42
       Skin              |       |     9 |       ||     9
       Chain mail        |       |    67 |    26 ||    93
Dodge: Dodged            |    47 |    55 |    16 ||   118

Table legend: (Time is in decaauts)
 A = Elapsed time spent in this place.
 B = Non-inter-level travel time spent in this place.
 C = Inter-level travel time spent in this place.
 D = Time resting spent in this place.
 E = Time spent auto-exploring this place.
 F = Levels seen in this place.
 G = Mean time per level.
                   A        B        C        D        E       F      G
               +--------+--------+--------+--------+--------+-----+--------+
         Total |   4487 |   4379 |    108 |   1714 |   1953 |   5 |  897.4 |
       Dungeon |   4080 |   4008 |     72 |   1623 |   1682 |   4 | 1020.0 |
        Temple |    406 |    370 |     36 |     91 |    271 |   1 |  406.0 |
               +--------+--------+--------+--------+--------+-----+--------+

Top non-repeatable levels by time:
     D:3: 1194 daAuts
     D:4: 1044 daAuts
     D:2: 949 daAuts
     D:1: 891 daAuts
  Temple: 406 daAuts
